TOP OF THE 1ST |
Coastal Carolina University Chanticleers batting - Pitching for Mississippi State University Bulldogs : LHP Jon Hoffman
|
Pitching: LHP Jon Hoffman
|
|
Batting: RHB Ferri Casteleijn
|
0-0: Ball 1-0: Foul Ball, location: 2F 1-1: Swinging Strike 1-2: Strikes out swinging
|
Batting: RHB Tristan Williams
|
0-0: Ball 1-0: Bunt for hit to 2R - play at first, batter safe!
|
Batting: RHB Mark Tart
|
0-0: Called Strike Tristan Williams is caught stealing 2nd base 2-4 0-1: Ball 1-1: Foul Ball, location: 2F 1-2: Foul Ball, location: 2F 1-2: Foul Ball, location: 7LDF 1-2: Ball 2-2: Foul Ball, location: 2F 2-2: Ball 3-2: Strikes out swinging
|
Top of the 1st over - 0 runs, 1 hit, 0 errors, 0 left on base; Coastal Carolina University 0 - Mississippi State University 0 |
BOTTOM OF THE 1ST |
Mississippi State University Bulldogs batting - Pitching for Coastal Carolina University Chanticleers : RHP John Pippy
|
Pitching: RHP John Pippy
|
|
Batting: RHB Eric Riley
|
0-0: Ball 1-0: Ball 2-0: Foul Ball, location: 2LF 2-1: Called Strike 2-2: Ground out 5-3 (Groundball, 56, EV 81.3 MPH)
|
Batting: RHB Masahito Sunada
|
0-0: Ball 1-0: Ball 2-0: Ball 3-0: Called Strike 3-1: Foul Ball, location: 3SF 3-2: Ground out 5-3 (Groundball, 5, EV 86.9 MPH)
|
Batting: RHB Benito Gonzales
|
0-0: Ball 1-0: Called Strike 1-1: Swinging Strike 1-2: Strikes out swinging
|
Bottom of the 1st over - 0 runs, 0 hits, 0 errors, 0 left on base; Coastal Carolina University 0 - Mississippi State University 0 |
TOP OF THE 2ND |
Coastal Carolina University Chanticleers batting - Pitching for Mississippi State University Bulldogs : LHP Jon Hoffman
|
Batting: RHB Chris McDaniel
|
0-0: Called Strike 0-1: Called Strike 0-2: Fly out, F7 (Flyball, 7LM, EV 90.6 MPH)
|
Batting: LHB Nate Kokx
|
0-0: Ball 1-0: Ground out U3 (Groundball, 3L, EV 93.1 MPH)
|
Batting: LHB Tim Kirby
|
0-0: Ball 1-0: Called Strike 1-1: Ball 2-1: Ball 3-1: Foul Ball, location: 7LDF 3-2: Base on Balls
|
Batting: LHB Justin Sanders
|
0-0: Called Strike 0-1: Ball 1-1: Ball 2-1: Foul Ball, location: 2F 2-2: Ball Wild Pitch! Tim Kirby to second 3-2: Strikes out swinging
|
Top of the 2nd over - 0 runs, 0 hits, 0 errors, 1 left on base; Coastal Carolina University 0 - Mississippi State University 0 |
BOTTOM OF THE 2ND |
Mississippi State University Bulldogs batting - Pitching for Coastal Carolina University Chanticleers : RHP John Pippy
|
Batting: SHB Jim Rutherford
|
0-0: SINGLE (Groundball, 4MD, EV 100.6 MPH)
|
Batting: RHB Josh Simmons
|
0-0: Ball 1-0: Called Strike 1-1: Foul Ball, location: 5FF 1-2: Ball 2-2: Ball 3-2: Foul Ball, location: 3SF 3-2: Foul Ball, location: 9LMF 3-2: Strikes out looking
|
Batting: SHB Shou-xin Ouyang
|
0-0: Ball 1-0: Fly out, F7 (Flyball, 7S, EV 90.6 MPH)
|
Batting: RHB Logan Strassburg
|
0-0: Ball 1-0: Ball 2-0: Called Strike 2-1: Foul Ball, location: 2F 2-2: Ball 3-2: Fly out, F7 (Line Drive, 7, EV 86.3 MPH)
|
Bottom of the 2nd over - 0 runs, 1 hit, 0 errors, 1 left on base; Coastal Carolina University 0 - Mississippi State University 0 |
TOP OF THE 3RD |
Coastal Carolina University Chanticleers batting - Pitching for Mississippi State University Bulldogs : LHP Jon Hoffman
|
Batting: SHB Iher Waithaka
|
0-0: Ball 1-0: Called Strike 1-1: Foul Ball, location: 2F 1-2: Ball 2-2: Ground out 6-3 (Groundball, 6, EV 85.6 MPH)
|
Batting: LHB Jason Melek
|
0-0: Ball 1-0: Foul Ball, location: 2F 1-1: Hit by Pitch
|
Batting: RHB Ferri Casteleijn
|
0-0: Foul Ball, location: 9LMF 0-1: Foul Ball, location: 9LMF 0-2: Foul Ball, location: 2F 0-2: Ball 1-2: Ground out 4-3 (Groundball, 4, EV 75.6 MPH) Jason Melek to second
|
Batting: RHB Tristan Williams
|
0-0: Fly out, F8 (Flyball, 8RD, EV 110.6 MPH)
|
Top of the 3rd over - 0 runs, 0 hits, 0 errors, 1 left on base; Coastal Carolina University 0 - Mississippi State University 0 |
BOTTOM OF THE 3RD |
Mississippi State University Bulldogs batting - Pitching for Coastal Carolina University Chanticleers : RHP John Pippy
|
Batting: LHB Tom Ploughman
|
0-0: Swinging Strike 0-1: Ball 1-1: Called Strike 1-2: Ground out U3 (Groundball, 3L, EV 85.0 MPH)
|
Batting: RHB Freddie Kite
|
0-0: Ball 1-0: Ball 2-0: Called Strike 2-1: Foul Ball, location: 2F 2-2: Ball 3-2: Hit by Pitch
|
Batting: RHB Eric Riley
|
0-0: Ball Freddie Kite is caught stealing 2nd base 2-4 1-0: Swinging Strike 1-1: Ball 2-1: Foul Ball, location: 5DF 2-2: Fly out, F9 (Line Drive, 89M, EV 86.3 MPH)
|
Bottom of the 3rd over - 0 runs, 0 hits, 0 errors, 0 left on base; Coastal Carolina University 0 - Mississippi State University 0 |
TOP OF THE 4TH |
Coastal Carolina University Chanticleers batting - Pitching for Mississippi State University Bulldogs : LHP Jon Hoffman
|
Batting: RHB Mark Tart
|
0-0: Ball 1-0: Called Strike 1-1: Ground out 2-3 (Groundball, 2L, EV 64.4 MPH)
|
Batting: RHB Chris McDaniel
|
0-0: Foul Ball, location: 9LSF 0-1: Ball 1-1: Ball 2-1: Called Strike 2-2: Strikes out swinging
|
Batting: LHB Nate Kokx
|
0-0: Called Strike 0-1: Ball 1-1: Foul Ball, location: 3F 1-2: Strikes out swinging
|
Top of the 4th over - 0 runs, 0 hits, 0 errors, 0 left on base; Coastal Carolina University 0 - Mississippi State University 0 |
BOTTOM OF THE 4TH |
Mississippi State University Bulldogs batting - Pitching for Coastal Carolina University Chanticleers : RHP John Pippy
|
Batting: RHB Masahito Sunada
|
0-0: Ball 1-0: Ball 2-0: Ball 3-0: Base on Balls
|
Batting: RHB Benito Gonzales
|
0-0: Ball 1-0: Ball 2-0: Fielders Choice at 2nd, 4-6 (Groundball, 34, EV 83.8 MPH)
|
Batting: SHB Jim Rutherford
|
0-0: Ball 1-0: Ball Benito Gonzales steals 2nd base 2-0: Foul Ball, location: 3FF 2-1: Foul Ball, location: 2F 2-2: Foul Ball, location: 7LDF 2-2: Foul Ball, location: 2F 2-2: Foul Ball, location: 25F 2-2: Ball 3-2: Foul Ball, location: 2F 3-2: Foul Ball, location: 9LSF 3-2: Foul Ball, location: 2F 3-2: SINGLE (Flyball, 56D, EV 90.6 MPH) Benito Gonzales to third
|
Batting: RHB Josh Simmons
|
0-0: Ball 1-0: Foul Ball, location: 3DF 1-1: Foul Ball, location: 23F 1-2: Grounds into double play, 4-6-3 (Groundball, 4MD, EV 83.8 MPH)
|
Bottom of the 4th over - 0 runs, 1 hit, 0 errors, 1 left on base; Coastal Carolina University 0 - Mississippi State University 0 |
TOP OF THE 5TH |
Coastal Carolina University Chanticleers batting - Pitching for Mississippi State University Bulldogs : LHP Jon Hoffman
|
Batting: LHB Tim Kirby
|
0-0: Called Strike 0-1: Ball 1-1: Swinging Strike 1-2: Foul Ball, location: 2F 1-2: Ball 2-2: Foul Ball, location: 2F 2-2: Strikes out swinging
|
Batting: LHB Justin Sanders
|
0-0: Called Strike 0-1: Ball 1-1: Foul Ball, location: 2F 1-2: Ball 2-2: Foul Ball, location: 9LMF 2-2: Strikes out swinging
|
Batting: SHB Iher Waithaka
|
0-0: Foul Ball, location: 2F 0-1: Foul Ball, location: 23F 0-2: Ball 1-2: Ball 2-2: Strikes out swinging
|
Top of the 5th over - 0 runs, 0 hits, 0 errors, 0 left on base; Coastal Carolina University 0 - Mississippi State University 0 |
BOTTOM OF THE 5TH |
Mississippi State University Bulldogs batting - Pitching for Coastal Carolina University Chanticleers : RHP John Pippy
|
Batting: SHB Shou-xin Ouyang
|
0-0: Called Strike 0-1: Ball 1-1: Ball 2-1: Called Strike 2-2: Strikes out looking
|
Pitching: RHP Mitsuaki Fukunaga
|
|
Batting: RHB Logan Strassburg
|
0-0: Called Strike 0-1: Swinging Strike 0-2: Ball 1-2: Strikes out looking
|
Batting: LHB Tom Ploughman
|
0-0: Ball 1-0: Ground out 5-3 (Groundball, 56, EV 86.3 MPH)
|
Bottom of the 5th over - 0 runs, 0 hits, 0 errors, 0 left on base; Coastal Carolina University 0 - Mississippi State University 0 |
TOP OF THE 6TH |
Coastal Carolina University Chanticleers batting - Pitching for Mississippi State University Bulldogs : LHP Jon Hoffman
|
Batting: LHB Jason Melek
|
0-0: Ball 1-0: Ball 2-0: Ball 3-0: Base on Balls
|
Pitching: RHP Gary Gamble
|
|
Batting: RHB Ferri Casteleijn
|
0-0: Ball 1-0: Sac Bunt to 13S - play at first, batter OUT! 1-3 Jason Melek to second
|
Pinch Hitting: RHB Johnnie Cowan
|
0-0: Called Strike 0-1: Called Strike 0-2: Ball 1-2: Strikes out looking
|
Batting: RHB Mark Tart
|
0-0: Called Strike 0-1: Called Strike 0-2: Ground out 4-3 (Groundball, 4, EV 91.3 MPH)
|
Top of the 6th over - 0 runs, 0 hits, 0 errors, 1 left on base; Coastal Carolina University 0 - Mississippi State University 0 |
BOTTOM OF THE 6TH |
Mississippi State University Bulldogs batting - Pitching for Coastal Carolina University Chanticleers : RHP Mitsuaki Fukunaga
|
Now at SS: Rene Napoles
|
|
Batting: RHB Freddie Kite
|
0-0: Ball 1-0: Ball 2-0: Ball 3-0: Called Strike 3-1: Called Strike 3-2: Base on Balls
|
Batting: RHB Eric Riley
|
0-0: Ball Freddie Kite is caught stealing 2nd base 2-4 1-0: Ball 2-0: Ball 3-0: Called Strike 3-1: Foul Ball, location: 2F 3-2: Strikes out swinging
|
Batting: RHB Masahito Sunada
|
0-0: Called Strike 0-1: Foul Ball, location: 7LDF 0-2: Ground out 5-3 (Groundball, 56, EV 94.4 MPH)
|
Bottom of the 6th over - 0 runs, 0 hits, 0 errors, 0 left on base; Coastal Carolina University 0 - Mississippi State University 0 |
TOP OF THE 7TH |
Coastal Carolina University Chanticleers batting - Pitching for Mississippi State University Bulldogs : RHP Gary Gamble
|
Batting: RHB Chris McDaniel
|
0-0: Ball 1-0: Ball 2-0: Called Strike 2-1: Swinging Strike 2-2: Ball 3-2: Strikes out swinging
|
Batting: LHB Nate Kokx
|
0-0: Ball 1-0: Called Strike 1-1: Ball 2-1: Ball 3-1: Base on Balls
|
Batting: LHB Tim Kirby
|
0-0: Called Strike 0-1: Ball 1-1: SINGLE (Groundball, 6MD, EV 103.1 MPH) Nate Kokx to second
|
Batting: LHB Justin Sanders
|
0-0: Ball 1-0: Fly out, F8 (Flyball, 8LM, EV 95.0 MPH)
|
Batting: SHB Iher Waithaka
|
0-0: Ball 1-0: Ball 2-0: Foul Ball, location: 23F 2-1: Ball 3-1: Called Strike 3-2: Foul Ball, location: 2F 3-2: Fly out, F8 (Flyball, 8LD, EV 93.8 MPH)
|
Top of the 7th over - 0 runs, 1 hit, 0 errors, 2 left on base; Coastal Carolina University 0 - Mississippi State University 0 |
BOTTOM OF THE 7TH |
Mississippi State University Bulldogs batting - Pitching for Coastal Carolina University Chanticleers : RHP Mitsuaki Fukunaga
|
Batting: RHB Benito Gonzales
|
0-0: Ball 1-0: Ground out 4-3 (Groundball, 4, EV 88.1 MPH)
|
Batting: SHB Jim Rutherford
|
0-0: Ball 1-0: Ball 2-0: Foul Ball, location: 7LSF 2-1: Ground out U3 (Groundball, 3L, EV 87.5 MPH)
|
Batting: RHB Josh Simmons
|
0-0: Ball 1-0: Foul Ball, location: 5F 1-1: Ball 2-1: Ball 3-1: Base on Balls
|
Batting: SHB Shou-xin Ouyang
|
0-0: Foul Ball, location: 23F 0-1: Ball 1-1: Ball 2-1: Foul Ball, location: 2F 2-2: SINGLE (Groundball, 56S, EV 71.9 MPH) (infield hit) Josh Simmons to second
|
Batting: RHB Logan Strassburg
|
0-0: Swinging Strike 0-1: Swinging Strike 0-2: Strikes out swinging
|
Bottom of the 7th over - 0 runs, 1 hit, 0 errors, 2 left on base; Coastal Carolina University 0 - Mississippi State University 0 |
TOP OF THE 8TH |
Coastal Carolina University Chanticleers batting - Pitching for Mississippi State University Bulldogs : RHP Gary Gamble
|
Pitching: LHP Terry Sanders
|
|
Batting: LHB Jason Melek
|
0-0: Ball 1-0: Called Strike 1-1: Foul Ball, location: 3FF 1-2: Ball 2-2: Foul Ball, location: 23F 2-2: Ball 3-2: Foul Ball, location: 2F 3-2: Fly out, F7 (Flyball, 78M, EV 88.8 MPH)
|
Batting: RHB Ferri Casteleijn
|
0-0: Called Strike 0-1: Foul Ball, location: 2F 0-2: Ball 1-2: Strikes out swinging
|
Batting: RHB Rene Napoles
|
0-0: Called Strike 0-1: Foul Ball, location: 2F 0-2: Strikes out looking
|
Top of the 8th over - 0 runs, 0 hits, 0 errors, 0 left on base; Coastal Carolina University 0 - Mississippi State University 0 |
BOTTOM OF THE 8TH |
Mississippi State University Bulldogs batting - Pitching for Coastal Carolina University Chanticleers : RHP Mitsuaki Fukunaga
|
Pitching: LHP David Medina
|
|
Batting: LHB Tom Ploughman
|
0-0: Called Strike 0-1: Ball 1-1: Ball 2-1: Foul Ball, location: 23FF 2-2: Ball 3-2: Ground out U3 (Groundball, 3L, EV 87.5 MPH)
|
Batting: RHB Freddie Kite
|
0-0: Called Strike 0-1: Swinging Strike 0-2: Strikes out swinging, 2-3 out at first.
|
Batting: RHB Eric Riley
|
0-0: Ball 1-0: Ball 2-0: Ball 3-0: Called Strike 3-1: Swinging Strike 3-2: SINGLE (Line Drive, 56, EV 103.8 MPH)
|
Batting: RHB Masahito Sunada
|
0-0: Ball Eric Riley steals 2nd base 1-0: Foul Ball, location: 2F 1-1: Swinging Strike 1-2: Strikes out swinging
|
Bottom of the 8th over - 0 runs, 1 hit, 0 errors, 1 left on base; Coastal Carolina University 0 - Mississippi State University 0 |
TOP OF THE 9TH |
Coastal Carolina University Chanticleers batting - Pitching for Mississippi State University Bulldogs : LHP Terry Sanders
|
Pitching: RHP Julio Espana
|
|
Batting: RHB Mark Tart
|
0-0: Ball 1-0: Called Strike 1-1: Ball 2-1: Swinging Strike 2-2: Strikes out swinging
|
Batting: RHB Chris McDaniel
|
0-0: Ball 1-0: Foul Ball, location: 5SF 1-1: Fly out, F7 (Flyball, 7, EV 83.1 MPH)
|
Batting: LHB Nate Kokx
|
0-0: Called Strike 0-1: Foul Ball, location: 7LMF 0-2: Ground out 1-3 (Groundball, 13S, EV 63.8 MPH)
|
Top of the 9th over - 0 runs, 0 hits, 0 errors, 0 left on base; Coastal Carolina University 0 - Mississippi State University 0 |
BOTTOM OF THE 9TH |
Mississippi State University Bulldogs batting - Pitching for Coastal Carolina University Chanticleers : LHP David Medina
|
Pitching: RHP Eddie Larnach
|
|
Batting: RHB Benito Gonzales
|
0-0: SINGLE (Line Drive, 78S, EV 109.4 MPH)
|
Batting: SHB Jim Rutherford
|
0-0: Ball 1-0: Ball 2-0: Grounds into double play, 4-6-3 (Groundball, 4, EV 86.9 MPH)
|
Batting: RHB Josh Simmons
|
0-0: Called Strike 0-1: Called Strike 0-2: Ball 1-2: Strikes out swinging
|
Bottom of the 9th over - 0 runs, 1 hit, 0 errors, 0 left on base; Coastal Carolina University 0 - Mississippi State University 0 |
TOP OF THE 10TH |
Coastal Carolina University Chanticleers batting - Pitching for Mississippi State University Bulldogs : RHP Julio Espana
|
Batting: LHB Tim Kirby
|
0-0: Ball 1-0: Swinging Strike 1-1: Swinging Strike 1-2: Foul Ball, location: 2LF 1-2: Foul Ball, location: 2F 1-2: Ball 2-2: Ball 3-2: Fly out, F7 (Flyball, 7, EV 93.1 MPH)
|
Batting: LHB Justin Sanders
|
0-0: Ball 1-0: Called Strike 1-1: Foul Ball, location: 7LDF 1-2: Strikes out looking
|
Batting: SHB Iher Waithaka
|
0-0: Called Strike 0-1: Ball 1-1: Fly out, F7 (Flyball, 7S, EV 76.3 MPH)
|
Top of the 10th over - 0 runs, 0 hits, 0 errors, 0 left on base; Coastal Carolina University 0 - Mississippi State University 0 |
BOTTOM OF THE 10TH |
Mississippi State University Bulldogs batting - Pitching for Coastal Carolina University Chanticleers : RHP Eddie Larnach
|
Batting: SHB Shou-xin Ouyang
|
0-0: Ground out 6-3 (Groundball, 4M, EV 85.6 MPH)
|
Batting: RHB Logan Strassburg
|
0-0: Swinging Strike 0-1: Called Strike 0-2: Ball 1-2: Ball 2-2: Strikes out swinging
|
Batting: LHB Tom Ploughman
|
0-0: Called Strike 0-1: Foul Ball, location: 3FF 0-2: Ball 1-2: Strikes out looking
|
Bottom of the 10th over - 0 runs, 0 hits, 0 errors, 0 left on base; Coastal Carolina University 0 - Mississippi State University 0 |
TOP OF THE 11TH |
Coastal Carolina University Chanticleers batting - Pitching for Mississippi State University Bulldogs : RHP Julio Espana
|
Batting: LHB Jason Melek
|
0-0: Called Strike 0-1: Ball 1-1: Ball 2-1: Foul Ball, location: 7LDF 2-2: Strikes out swinging
|
Batting: RHB Ferri Casteleijn
|
0-0: Ball 1-0: Swinging Strike 1-1: Foul Ball, location: 2F 1-2: Foul Ball, location: 9LSF 1-2: SINGLE (Groundball, 34D, EV 96.9 MPH)
|
Batting: RHB Rene Napoles
|
0-0: Called Strike Ferri Casteleijn is caught stealing 2nd base 2-4 0-1: Foul Ball, location: 5FF 0-2: Ball 1-2: Foul Ball, location: 7LMF 1-2: Strikes out swinging
|
Top of the 11th over - 0 runs, 1 hit, 0 errors, 0 left on base; Coastal Carolina University 0 - Mississippi State University 0 |
BOTTOM OF THE 11TH |
Mississippi State University Bulldogs batting - Pitching for Coastal Carolina University Chanticleers : RHP Eddie Larnach
|
Batting: RHB Freddie Kite
|
0-0: Ball 1-0: Called Strike 1-1: Swinging Strike 1-2: Ball 2-2: Ground out 5-3 (Groundball, 56S, EV 88.8 MPH)
|
Batting: RHB Eric Riley
|
0-0: Swinging Strike 0-1: Ball 1-1: Foul Ball, location: 3DF 1-2: Ball 2-2: Ball 3-2: SOLO HOME RUN (Flyball, 78XD, EV 105.0 MPH), Distance : 412 ft
|
Bottom of the 11th over - 1 run, 1 hit, 0 errors, 0 left on base; Coastal Carolina University 0 - Mississippi State University 1 |
|